 Dungeon Crawl Stone Soup version 0.31.0-9-g3a7656b989 (webtiles) character file.

Game seed: 4710694929478608650

159 qw the Skirmisher (level 5, -5/29 HPs)
             Began as a Deep Elf Hunter on Feb 2, 2024.
             Slain by a kobold brigand
             ... wielding a +0 club
              (6 damage)
             ... in a sewer.
             The game lasted 00:00:10 (2790 turns).

qw the Skirmisher (Deep Elf Hunter)                 Turns: 2790, Time: 00:00:10

Health: -5/29      AC:  6    Str: 10    XL:     5   Next: 17%
Magic:  7/7        EV: 11    Int: 14    God:
Gold:   134        SH:  0    Dex: 18    Spells: 4/4 levels left

rFire   . . .        a - +0 shortbow
rCold   . . .        (shield currently unavailable)
rNeg    . . .        h - +0 ring mail
rPois   .            f - +0 helmet
rElec   .            (no cloak)
rCorr   .            (no gloves)
SInv    .            (no boots)
Will    .....        (no amulet)
Stlth   +            (no ring)
HPRegen 0.24/turn    (no ring)
MPRegen 0.10/turn

%: no passive effects
@: no status effects
A: no striking features
a: no special abilities


You were in a sewer.
You visited 1 branch of the dungeon, and saw 3 of its levels.
You also visited: Sewer.

You collected 134 gold pieces.


   Skills:
 - Level 1.5 Fighting
 + Level 8.6 Ranged Weapons
 - Level 2.4 Dodging
 - Level 1.2 Stealth


You had 4 spell levels left.
You didn't know any spells.
Your spell library was empty.

Inventory:

Hand Weapons
 a - a +0 shortbow (weapon)
Armour
 f - a +0 helmet (worn)
 h - a +0 ring mail (worn)
Scrolls
 b - a scroll of enchant armour {unknown}
 c - a scroll of identify
Potions
 d - a potion of resistance {unknown}
 g - a potion of curing {unknown}
 i - a potion of cancellation {unknown}

Dungeon Overview and Level Annotations

Branches:
Dungeon (3/15)              Sewer (1/1)

Altars:
Ashenzari

Shops:
D:2 (


Message History

You have difficulty breathing.
You feel yourself slow down.
You shoot an arrow.
The arrow completely misses the kobold brigand.
You feel extremely sick.
You shoot an arrow.
The arrow completely misses the kobold brigand.
You feel very sick.
You shoot an arrow.
The arrow hits the kobold brigand but does no damage.
You feel very sick.
You shoot an arrow. The arrow hits the kobold brigand.
The kobold brigand is lightly wounded.
You feel very sick.
You shoot an arrow.
The arrow hits the kobold brigand but does no damage.
The kobold brigand is lightly wounded.
You feel sick.
The kobold brigand hits you with a +0 club.
The kobold brigand completely misses you.
You shoot an arrow.
The arrow hits the kobold brigand but does no damage.
The kobold brigand is lightly wounded.
You feel sick. The kobold brigand closely misses you.
You shoot an arrow.
The arrow barely misses the kobold brigand.
You feel sick.
You are no longer poisoned.
The kobold brigand hits you with a +0 club.
The kobold brigand closely misses you.
You shoot an arrow.
The arrow hits the kobold brigand but does no damage.
The kobold brigand is lightly wounded.
The kobold brigand hits you with a +0 club.
The kobold brigand hits you but does no damage.
You shoot an arrow.
The arrow hits the kobold brigand but does no damage.
The kobold brigand is lightly wounded.
You feel yourself speed up.
The kobold brigand hits you with a +0 club.
You die...

###.~%..#####..~.~#
##.~~## ##..~## ##%##
##~## #~# #~# #~# #~#
##~## ##~## ##..~##
##.~~##
###.~~..#####...~~####..
~~~....~~~~~~~.\@K~~))%.
###....~#####.....####..
##.~~## ##.~~## ##~##
##~## #~# #~# #~# #~#
#~# #~# ##~## #~#
##.~.## #


You could see a kobold brigand.

Vanquished Creatures
  3 gnolls (D:2)
  4 adders
  2 river rats (Sewer)
  2 dart slugs
  2 ribbon worms
  5 ball pythons
  6 bats
  5 endoplasms
  4 giant cockroaches
  2 goblins
  3 hobgoblins
  3 jackals (D:2)
  12 kobolds
  8 quokkas
  A frilled lizard (D:3)
  5 rats
67 creatures vanquished.

Notes
Turn   | Place    | Note
-------+----------+-------------------------------------------
     0 | D:1      | qw the Deep Elf Hunter began the quest for the Orb.
     0 | D:1      | Reached XP level 1. HP: 12/12 MP: 3/3
     0 | D:1      | 0 ||| qw: Version: 0.3-a-155-g5e7d8dd
     0 | D:1      | 0 ||| qw: Game counter: 2007
     0 | D:1      | 0 ||| qw: Melee chars always use a shield: true
     0 | D:1      | 0 ||| qw: God list: Okawaru
     0 | D:1      | 0 ||| qw: Allow faded altars: false
     0 | D:1      | 0 ||| qw: Do Orc after clearing Dungeon:15 true
     0 | D:1      | 0 ||| qw: Do second Lair branch before Depths: true
     0 | D:1      | 0 ||| qw: Lair rune preference: random
     0 | D:1      | 0 ||| qw: Goals: Normal
     0 | D:1      | 0 ||| PLANNING D:1-11
   193 | D:1      | Reached XP level 2. HP: 16/16 MP: 4/4
   220 | D:1      | Found a faded altar of an unknown god.
   228 | D:1      | Reached skill level 6 in Ranged Weapons
   821 | D:1      | 821 ||| READING scroll labelled QYL HAOCEAHOOB.
   821 | D:1      | 821 ||| IDENTIFYING fizzy black potion
   822 | D:1      | 822 ||| READING scroll labelled SORHAF ZO ISOA.
   823 | D:1      | 823 ||| READING 2 scrolls labelled ERGHYL FEJUNIDD.
   824 | D:1      | 824 ||| READING scroll labelled YMIKAD XEZATT.
   825 | D:1      | 825 ||| DROPPING scroll of butterflies.
   826 | D:1      | 826 ||| DROPPING scroll of blinking.
   880 | D:2      | 880 ||| STAIRDANCE
   987 | D:2      | Reached XP level 3. HP: 20/20 MP: 5/5
  1111 | D:2      | Found Qagahihabu's Antique Weapon Emporium.
  1251 | D:2      | Reached skill level 7 in Ranged Weapons
  1252 | D:2      | 1252 ||| FLEEEEING.
  1253 | D:2      | 1253 ||| FLEEEEING.
  1254 | D:2      | 1254 ||| FLEEEEING.
  1255 | D:2      | 1255 ||| FLEEEEING.
  1256 | D:2      | 1256 ||| FLEEEEING.
  1257 | D:2      | 1257 ||| FLEEEEING.
  1258 | D:2      | 1258 ||| FLEEEEING.
  1259 | D:2      | 1259 ||| FLEEEEING.
  1260 | D:2      | 1260 ||| FLEEEEING.
  1261 | D:2      | 1261 ||| FLEEEEING.
  1264 | D:2      | HP: 2/20 [gnoll/+0 whip (7)]
  1265 | D:2      | 1265 ||| DRINKING potion of heal wounds.
  1322 | D:2      | Reached XP level 4. HP: 25/25 MP: 6/6
  1824 | D:2      | 1824 ||| UPGRADING to +0 helmet.
  1829 | D:2      | 1829 ||| UPGRADING to +0 ring mail.
  1839 | D:2      | 1839 ||| DROPPING +0 leather armour.
  1840 | D:2      | 1840 ||| READING scroll of identify.
  1840 | D:2      | 1840 ||| IDENTIFYING metallic clear potion
  1841 | D:2      | 1841 ||| READING scroll labelled OKIOZI UJAHYZI.
  1845 | D:2      | 1845 ||| DROPPING potion of brilliance.
  1879 | D:3      | 1879 ||| PLANNING SEWER
  2163 | D:3      | Found a broken altar of Ashenzari.
  2468 | D:3      | Found a glowing drain.
  2475 | D:3      | Reached skill level 8 in Ranged Weapons
  2475 | D:3      | 2475 ||| READING scroll labelled EPPACV JIUMPU.
  2486 | D:3      | 2486 ||| FLEEEEING.
  2520 | D:3      | 2520 ||| READING scroll labelled YMOK HOSTIOPA.
  2527 | Sewer    | Entered a sewer
  2580 | Sewer    | Reached XP level 5. HP: 29/29 MP: 7/7
  2655 | Sewer    | HP: 4/29 [river rat (8)]
  2786 | Sewer    | HP: 7/29 [kobold brigand/+0 club (2)]
  2788 | Sewer    | HP: 3/29 [kobold brigand/+0 club (2)]
  2789 | Sewer    | HP: 1/29 [kobold brigand/+0 club (3)]
  2790 | Sewer    | Slain by a kobold brigand

Levels and vault maps discovered:
D:1:      dpeg_arrival_court, layout_loops_corners,
          hellmonk_ecumenical_altar_blasted
D:2:      layout_basic, serial_shops, nicolae_shop_tiny_glass, minmay_3d_cube
D:3:      layout_loops_corners, nicolae_ashenzari_panopticon,
          gup_sewer_entry_pipe
Sewer:    sewer_co_15_rooms

Skill      XL: |  1  2  3  4 |
---------------+-------------+-----
Ranged Weapons | 6 7 8 |  8.6
Fighting       | |  1.5
Dodging        | |  2.4
Stealth        | |  1.2

Action                     |  1- 3 |  4- 6 || total
---------------------------+-------+-------++-------
   Fire: Shortbow          |    75 |   139 ||   214
    Use: Scroll            |     4 |     4 ||     8
         Potion            |     1 |       ||     1
 Armour: Leather armour    |    22 |     9 ||    31
         Ring mail         |       |    18 ||    18
  Dodge: Dodged            |    21 |    32 ||    53

Table legend:
 A = Non-vault XP
 B = Vault XP
 C = Vault XP percentage of total XP
 D = Non-vault monster count
 E = Vault monster count
 F = Vault count percentage of total count
                 A         B        C        D         E       F
            +---------+---------+-------+---------+---------+-------
      Total |     117 |     111 |  48.7 |      38 |      29 |  43.3
            +---------+---------+-------+---------+---------+-------
        D:1 |      29 |       0 |   0.0 |      14 |       0 |   0.0
        D:2 |      79 |      22 |  21.8 |      18 |       5 |  21.7
        D:3 |       9 |      14 |  60.9 |       6 |       7 |  53.8
      Sewer |       0 |      75 | 100.0 |       0 |      17 | 100.0
            +---------+---------+-------+---------+---------+-------
